 Dungeon Crawl Stone Soup version 0.31.0-1-g2c135a008e (webtiles) character file.

Game seed: 11827971201487996827

11 qw the Shooter (level 2, -1/23 HPs)
             Began as a Djinni Hunter on Jan 23, 2024.
             Slain by an iguana (2 damage)
             ... on level 1 of the Dungeon.
             The game lasted 00:00:02 (782 turns).

qw the Shooter (Djinni Hunter)                       Turns: 782, Time: 00:00:02

Health: -1/23      AC:  3    Str: 10    XL:     2   Next: 40%
Gold:   83         EV: 12    Int: 10    God:
                   SH:  0    Dex: 16

rFire   + + .        a - +0 shortbow
rCold   x . .        (shield currently unavailable)
rNeg    + . .        c - +0 leather armour
rPois   inf          (no helmet)
rElec   .            (no cloak)
rCorr   .            (no gloves)
SInv    .            (boots unavailable)
Will    +....        (no amulet)
Stlth   +            e - ring of willpower
HPRegen 0.23/turn    h - ring of positive energy
MPRegen 0.00/turn

%: infuse magic (-2 HP)
@: flying
A: sickness immunity, fire resistance 2, cold vulnerability 1, float, innate
caster, HP casting, extra vitality 1
a: no special abilities


You were on level 1 of the Dungeon.
You visited 1 branch of the dungeon, and saw 2 of its levels.

You collected 83 gold pieces.


Innate Abilities, Weirdness & Mutations

You are immune to sickness and miasma.
You are immune to poison.
Your flesh is very heat resistant. (rF++)
You are vulnerable to cold. (rC-)
You float through the air rather than walking.
You learn spells naturally, not from books.
Your magical power is your life essence.
You have superior vitality. (+4 MHP)


   Skills:
 - Level 2.0 Fighting
 + Level 3.7 Ranged Weapons
 - Level 2.1 Dodging
 - Level 0.7 Stealth You didn't know any spells. Your spell library was empty.

Inventory:

Hand Weapons
 a - a +0 shortbow (weapon)
Armour
 c - a +0 leather armour (worn)
Jewellery
 e - a ring of willpower (left hand)
 h - a ring of positive energy (right hand)
Potions
 k - a potion of curing

Dungeon Overview and Level Annotations

Branches:
Dungeon (2/15)

Altars:

Shops:
D:1 :


Message History

As you read the scroll of identify, it crumbles to dust.
i - a scroll of blinking Done exploring.
749 ||| READING scroll of identify.
749 ||| IDENTIFYING scroll labelled TOZUFA SYGOA
As you read the scroll of identify, it crumbles to dust.
j - a scroll of immolation Done exploring.
750 ||| DROPPING scroll of butterflies.
You drop a scroll of butterflies.
Done exploring.
751 ||| DROPPING scroll of blinking.
You drop a scroll of blinking.
Done exploring.
752 ||| DROPPING scroll of immolation.
You drop a scroll of immolation.
Done exploring.
What level of the Dungeon? (default 1, ? - help)
There is a stone staircase leading down here.
You fly downwards.
The kobold shouts! x2
Found an embroidered scarf.
There is a stone staircase leading up here.
There are monsters nearby!
Waypoint 1 assigned to D:2.
776 ||| STAIRDANCE The kobold throws a stone.
The stone barely misses you.
You fly upwards.
There is a stone staircase leading down here.
Done exploring.
What level of the Dungeon? (default 2, ? - help)
You fly downwards.
A ball python comes into view.
The kobold hits you with a +0 whip. The iguana bites you!
There is a stone staircase leading up here.
780 ||| STAIRDANCE The iguana bites you!
The kobold closely misses you.
You fly upwards.
There is a stone staircase leading down here.
You shoot an arrow.
The arrow hits the iguana but does no damage.
The kobold closely misses you. The iguana bites you.
You die...

##.# #....#...#
#.# #.# #..#####.#
#.# #.# #....#.).#
#.# #.#
#.##.#...#####.#
#.#
#.##...#.......#
#.#
#.####...#..####
#.# #.# ##.##..#
##.###.# #.##l.#
.......#####.##K@#
.#...............#
.##.###########..#
.##.# #..# .##.#
#..# ..).# #..#
.##############..#
.................#
.........#.####.##


You could see an iguana and a kobold.

Vanquished Creatures
  A dart slug (D:1)
  3 endoplasms (D:1)
  2 hobgoblins (D:1)
  2 ball pythons (D:1)
  A kobold (D:1)
9 creatures vanquished.

Notes
Turn   | Place    | Note
-------+----------+-------------------------------------------
     0 | D:1      | qw the Djinni Hunter began the quest for the Orb.
     0 | D:1      | Reached XP level 1. HP: 18/18 MP: 0/0
     0 | D:1      | 0 ||| qw: Version: 0.3-a-132-g3d54051
     0 | D:1      | 0 ||| qw: Game counter: 661
     0 | D:1      | 0 ||| qw: Melee chars always use a shield: true
     0 | D:1      | 0 ||| qw: God list: Okawaru
     0 | D:1      | 0 ||| qw: Allow faded altars: false
     0 | D:1      | 0 ||| qw: Do Orc after clearing Dungeon:15 true
     0 | D:1      | 0 ||| qw: Do second Lair branch before Depths: true
     0 | D:1      | 0 ||| qw: Lair rune preference: random
     0 | D:1      | 0 ||| qw: Goals: Normal
     0 | D:1      | 0 ||| PLANNING D:1-11
    13 | D:1      | Found Kuulliech's Book Boutique.
   130 | D:1      | Reached XP level 2. HP: 23/23 MP: 0/0
   255 | D:1      | Found a faded altar of an unknown god.
   743 | D:1      | 743 ||| UPGRADING to ring of willpower.
   744 | D:1      | 744 ||| UPGRADING to ring of positive energy.
   745 | D:1      | 745 ||| READING scroll labelled ITAGIV WEOB.
   745 | D:1      | 745 ||| ENCHANTING +0 shortbow.
   746 | D:1      | 746 ||| READING scroll labelled OBLUMI TUECRONG.
   747 | D:1      | 747 ||| READING 3 scrolls labelled ACUIPSAIGO.
   747 | D:1      | 747 ||| IDENTIFYING lumpy dark potion
   748 | D:1      | 748 ||| READING 2 scrolls of identify.
   748 | D:1      | 748 ||| IDENTIFYING scroll labelled MUIRAUH PIZO
   749 | D:1      | 749 ||| READING scroll of identify.
   749 | D:1      | 749 ||| IDENTIFYING scroll labelled TOZUFA SYGOA
   750 | D:1      | 750 ||| DROPPING scroll of butterflies.
   751 | D:1      | 751 ||| DROPPING scroll of blinking.
   752 | D:1      | 752 ||| DROPPING scroll of immolation.
   776 | D:2      | 776 ||| STAIRDANCE
   780 | D:2      | 780 ||| STAIRDANCE
   780 | D:2      | HP: 1/23 [iguana (10)]
   782 | D:1      | Slain by an iguana

Levels and vault maps discovered:
D:1:      minmay_arrival_four_loops, layout_loops_ring,
          shapermc_ecumenical_altar_mp_vishouse, serial_shops, shop
D:2:      layout_loops_ring, minmay_bisected

Action                     || total
---------------------------++-------
   Fire: Shortbow          ||    22
    Use: Scroll            ||     5
 Armour: Leather armour    ||     5
  Dodge: Dodged            ||     5

Table legend:
 A = Non-vault XP
 B = Vault XP
 C = Vault XP percentage of total XP
 D = Non-vault monster count
 E = Vault monster count
 F = Vault count percentage of total count
                 A         B        C        D         E       F
            +---------+---------+-------+---------+---------+-------
      Total |      17 |       0 |   0.0 |       9 |       0 |   0.0
            +---------+---------+-------+---------+---------+-------
        D:1 |      17 |       0 |   0.0 |       9 |       0 |   0.0
            +---------+---------+-------+---------+---------+-------
